[Event "Titled Tuesday Blitz May 4 2021"]
[White "Luberanski, Jakub"]
[Black "Morris-Suzuki, Sophie"]
[WhiteFideId "21830509"]
[BlackFideId "30922615"]
[WhiteElo "2078"]
[BlackElo "2376"]
[Result "1-0"]
[Round "09"]
[TimeControl "180+1"]
[Date "2021.05.04"]
[WhiteClock "0:00:15"]
[BlackClock "0:00:05"]

1. e4 c5 2. Nf3 e6 3. g3 d5 4. exd5 exd5 5. d4 Nf6 6. Bg2 Be7 7. O-O O-O 8. dxc5 Bxc5 9. Bg5 h6 10. Bxf6 Qxf6 11. Qxd5 Qxb2 12. Nbd2 Qb6 13. Rab1 Qc7 14. Nb3 Bb6 15. Rfd1 Be6 16. Qe5 Qxc2 17. Nfd4 Qc8 18. Rbc1 Nc6 19. Nxc6 bxc6 20. Rxc6 Qa6 21. Rxe6 fxe6 22. Bxa8 Rxa8 23. Qxe6+ Kh8 24. Nc5 Qa3 25. Nd7 Qf3 26. Rd2 Ba5 27. Ne5 Qb7 28. Nf7+ Kh7 29. Qf5+ Kg8 30. Nxh6+ gxh6 31. Qxa5 Qb1+ 32. Kg2 Qb7+ 33. f3 Rc8 34. Qd5+ Qxd5 35. Rxd5 Rc2+ 36. Kh3 Rxa2 37. Rd6 Kg7 38. g4 a5 39. Kg3 a4 40. Ra6 a3 41. h4 Ra1 42. Kf4 a2 43. Ra7+ Kf6 44. Ra6+ Kg7 45. h5 Kf7 46. Ra7+ Ke6 47. Ra6+ Kd5 48. Kf5 Rf1 49. Rxa2 Rxf3+ 50. Kg6 Rg3 51. Ra4 Ke5 52. Kxh6 Kf6 53. Rf4+ Ke5 54. Kg5 Rh3 55. Rf5+ Ke6 56. Rf6+ Ke7 57. Rf5 Ke6 58. Ra5 Kf7 59. Kf5 Rf3+ 60. Kg5 Rh3 61. Ra7+ Ke6 62. h6 Rh1 63. h7 Rh2 64. Kg6 Ke5 65. g5 Kf4 66. Ra4+ Ke5 67. Ra5+ Kf4 68. Rf5+ Kg4 69. Rf8 1-0


[Site "https://www.chess.com"]

[Event "Titled Tuesday Blitz May 4 2021"]
[White "Martin, Lewis"]
[Black "Kilpatrick, Callum"]
[WhiteFideId "410551"]
[BlackFideId "414425"]
[WhiteElo "2145"]
[BlackElo "2466"]
[Result "0-1"]
[Round "09"]
[TimeControl "180+1"]
[Date "2021.05.04"]
[WhiteClock "0:01:14"]
[BlackClock "0:01:02"]

1. e4 e5 2. Nf3 Nc6 3. Bb5 Nf6 4. d3 d6 5. O-O g6 6. c3 Bg7 7. Re1 O-O 8. h3 Bd7 9. Nbd2 Nh5 10. Nf1 a6 11. Ba4 Nf4 12. Bxf4 exf4 13. d4 Qe7 14. e5 dxe5 15. d5 Nb8 16. Bxd7 Nxd7 17. Qa4 Qd6 18. Rad1 Nc5 19. Qc2 e4 20. Ng5 f5 21. b4 Nd3 22. Rxd3 exd3 23. Qxd3 Rfe8 24. Ne6 Rad8 25. Nxd8 Rxe1 26. Ne6 Rxe6 0-1


[Site "https://www.chess.com"]

[Event "Titled Tuesday Blitz May 4 2021"]
[White "Martirosyan, Haik M."]
[Black "Quparadze, Giga"]
[WhiteFideId "13306553"]
[BlackFideId "13602250"]
[WhiteElo "2597"]
[BlackElo "2658"]
[Result "1-0"]
[Round "09"]
[TimeControl "180+1"]
[Date "2021.05.04"]
[WhiteClock "0:00:06"]
[BlackClock "0:00:18"]

1. c4 e6 2. Nf3 Nf6 3. g3 b6 4. Bg2 Bb7 5. O-O g6 6. d4 Bg7 7. Qc2 O-O 8. Nc3 d5 9. cxd5 exd5 10. Bf4 c6 11. b4 Re8 12. Rfd1 Nbd7 13. a4 a5 14. b5 c5 15. dxc5 bxc5 16. Nd2 Qb6 17. e4 d4 18. Nd5 Nxd5 19. exd5 Qf6 20. Nc4 g5 21. Bc7 Rec8 22. b6 g4 23. Qe4 h5 24. Rab1 Bf8 25. Rb5 Re8 26. Qc2 Ba6 27. d6 Bxb5 28. axb5 Rab8 29. b7 Ne5 30. Nxe5 Qxe5 31. Bxb8 Rxb8 32. d7 Bd6 33. Bc6 Bc7 34. Qc1 Kg7 35. Re1 Qf6 36. Qxc5 d3 37. Re8 d2 38. Qf8+ Kg6 39. Be4+ Kg5 40. Qg8+ Kh6 41. Qh7+ Kg5 42. Bc2 Bb6 43. Rg8+ Rxg8 44. Qxg8+ Kh6 45. Qh7+ Kg5 46. d8=Q d1=Q+ 47. Qxd1 Qxf2+ 48. Kh1 1-0


[Site "https://www.chess.com"]

[Event "Titled Tuesday Blitz May 4 2021"]
[White "Matveeva, Olga"]
[Black "Garcia, Gabriel Gonzaga"]
[WhiteFideId "24107018"]
[BlackFideId "2138956"]
[WhiteElo "2108"]
[BlackElo "2240"]
[Result "0-1"]
[Round "09"]
[TimeControl "180+1"]
[Date "2021.05.04"]
[WhiteClock "0:00:07"]
[BlackClock "0:01:36"]

1. d4 Nf6 2. c4 e6 3. g3 Bb4+ 4. Bd2 Qe7 5. Nf3 O-O 6. Nc3 b6 7. Bg2 Bb7 8. O-O c5 9. a3 cxd4 10. axb4 dxc3 11. Bxc3 Ne4 12. Qc2 Nxc3 13. Ng5 Nxe2+ 14. Qxe2 Bxg2 15. h4 h6 16. Kxg2 hxg5 17. Qe4 Nc6 18. hxg5 Qxg5 19. Rh1 f5 20. Qf3 Ne5 21. Qb7 f4 22. Rxa7 Rxa7 0-1


[Site "https://www.chess.com"]

[Event "Titled Tuesday Blitz May 4 2021"]
[White "Mayeregger, Arnold"]
[Black "Antonio, Jorge Carlos"]
[WhiteFideId "3705226"]
[BlackFideId "113190"]
[WhiteElo "1567"]
[BlackElo "2247"]
[Result "1/2-1/2"]
[Round "09"]
[TimeControl "180+1"]
[Date "2021.05.04"]
[WhiteClock "0:00:03"]
[BlackClock "0:00:18"]

1. e4 e5 2. Nf3 Nc6 3. Bc4 f5 4. d3 Nf6 5. O-O d5 6. exd5 Na5 7. Bb5+ c6 8. dxc6 bxc6 9. Ba4 Bd6 10. Re1 O-O 11. Bd2 Rb8 12. Bxa5 Qxa5 13. Nc3 Rxb2 14. Bb3+ Rxb3 15. axb3 Qxc3 16. Rxa7 Qc5 17. Ra4 Rd8 18. Rc4 Qb5 19. Qa1 Re8 20. Qa2 Be6 21. Ra4 Bd5 22. c4 Qb7 23. cxd5 cxd5 24. Ra7 Qb4 25. Qa4 e4 26. dxe4 fxe4 27. Qxb4 Bxb4 28. Re2 exf3 29. Rxe8+ Nxe8 30. Rb7 Bc3 31. gxf3 d4 32. Kf1 Nd6 33. Rd7 Nb5 34. Ke2 Kf8 35. Rb7 Nd6 36. Rb6 Nf5 37. b4 Ne7 38. b5 Nd5 39. Rb7 Ba5 40. Ra7 Bb6 41. Rd7 Nc3+ 42. Kd3 Ke8 43. Rb7 Bc5 44. b6 Nd5 45. Rxg7 Bxb6 46. Rxh7 Nf4+ 47. Kd2 d3 48. h4 Ba5+ 49. Kd1 d2 50. Ra7 Bc3 51. Ra8+ Kd7 52. Kc2 Ne2 53. Rf8 Nd4+ 54. Kd1 Nb3 55. Rb8 Nd4 56. Rb1 Ba5 57. h5 Nxf3 58. h6 Ng5 59. Ke2 Ke7 60. Rb5 Bc3 61. Rxg5 Kf7 62. Rg3 Bb4 63. h7 Bd6 64. h8=Q d1=Q+ 65. Kxd1 Be5 1/2-1/2


[Site "https://www.chess.com"]

[Event "Titled Tuesday Blitz May 4 2021"]
[White "Mchedlishvili, Mikheil"]
[Black "tylityli"]
[WhiteFideId "13600966"]
[WhiteElo "2618"]
[BlackElo "2339"]
[Result "1-0"]
[Round "09"]
[TimeControl "180+1"]
[Date "2021.05.04"]
[WhiteClock "0:01:02"]
[BlackClock "0:00:01"]

1. d4 Nf6 2. c4 e6 3. g3 Bb4+ 4. Bd2 Qe7 5. Bg2 Nc6 6. Nf3 O-O 7. Nc3 d6 8. O-O Bxc3 9. Bxc3 Ne4 10. Qc2 Nxc3 11. Qxc3 e5 12. d5 Nb8 13. b4 f5 14. c5 e4 15. Nd4 Qe5 16. cxd6 cxd6 17. Nb5 Na6 18. Qxe5 dxe5 19. a3 Bd7 20. Nd6 Rab8 21. Rac1 Rfd8 22. e3 b5 23. g4 g6 24. gxf5 gxf5 25. Bh3 Rf8 26. Nxe4 fxe4 27. Bxd7 Kf7 28. Be6+ Ke7 29. Rc6 Rb6 30. Rfc1 Rfb8 31. Bf5 h6 32. Bxe4 Rg8+ 33. Kf1 Nb8 34. Rxb6 axb6 35. Rc7+ Nd7 36. Rb7 Rb8 37. Rxb8 Nxb8 38. Bd3 Kd6 39. Bxb5 Kxd5 40. Ke2 e4 41. f3 exf3+ 42. Kxf3 Ke5 43. h4 h5 44. e4 1-0


[Site "https://www.chess.com"]

[Event "Titled Tuesday Blitz May 4 2021"]
[White "Mezentsev, Ivan"]
[Black "Gonzalez, Francisco Silva"]
[WhiteFideId "13706195"]
[BlackFideId "1512285"]
[WhiteElo "2295"]
[BlackElo "2159"]
[Result "1-0"]
[Round "09"]
[TimeControl "180+1"]
[Date "2021.05.04"]
[WhiteClock "0:01:54"]
[BlackClock "0:02:33"]

1. c4 e6 2. Nf3 d5 3. b3 c6 4. Bb2 Nf6 5. g3 Nbd7 6. Bg2 b6 7. O-O c5 8. d4 Bb7 9. Ne5 Rb8 10. e3 cxd4 11. exd4 Qc7 12. Nc3 a6 13. cxd5 Nxd5 14. Nxd5 Bxd5 15. Bxd5 exd5 16. Rc1 Qb7 17. Re1 Nxe5 18. Rxe5+ Kd8 19. Qf3 Bd6 20. Rxd5 Ke7 21. Qe3+ Kf8 22. Rxd6 Qg2+ 23. Kxg2 Rc8 24. Rxc8# 1-0


[Site "https://www.chess.com"]

[Event "Titled Tuesday Blitz May 4 2021"]
[White "Mickiewicz, Piotr"]
[Black "Kretov, Evgenij"]
[WhiteFideId "1114891"]
[BlackFideId "4167821"]
[WhiteElo "2263"]
[BlackElo "2381"]
[Result "0-1"]
[Round "09"]
[TimeControl "180+1"]
[Date "2021.05.04"]
[WhiteClock "0:00:02"]
[BlackClock "0:00:34"]

1. Nf3 c5 2. g3 b6 3. Bg2 Ba6 4. O-O Nc6 5. d3 Nf6 6. e4 e6 7. e5 Nd5 8. Re1 d6 9. c4 Nc7 10. Nc3 d5 11. cxd5 exd5 12. d4 c4 13. e6 fxe6 14. Ng5 Bc8 15. Bh3 Qf6 16. Nxd5 Nxd5 17. Bxe6 Nde7 18. d5 Bxe6 19. Rxe6 Qd4 20. Qf3 Ne5 21. Rxe5 Qxe5 22. Qf7+ Kd7 23. d6 Qxd6 24. Bf4 Qd5 25. Ne6 Kc6 26. Re1 Rc8 27. Re5 Qd1+ 28. Kg2 Ng6 29. Nd8+ Qxd8 30. Qxc4+ Kb7 31. Qe4+ Rc6 32. Re6 Qd7 33. Re8 Bc5 0-1


[Site "https://www.chess.com"]

[Event "Titled Tuesday Blitz May 4 2021"]
[White "Mikhalsky, Vladimir"]
[Black "Vlassov, Nikolai"]
[WhiteFideId "14144352"]
[BlackFideId "4103360"]
[WhiteElo "2280"]
[BlackElo "2407"]
[Result "0-1"]
[Round "09"]
[TimeControl "180+1"]
[Date "2021.05.04"]
[WhiteClock "0:00:08"]
[BlackClock "0:00:13"]

1. e4 c5 2. Nf3 d6 3. Bb5+ Nd7 4. c3 Nf6 5. Qe2 g6 6. O-O Bg7 7. d4 a6 8. Ba4 b5 9. Bc2 O-O 10. a4 Rb8 11. axb5 axb5 12. Na3 b4 13. Nc4 bxc3 14. bxc3 cxd4 15. cxd4 d5 16. Bf4 dxc4 17. Bxb8 Nxb8 18. Qxc4 Be6 19. d5 Bg4 20. Ra8 Bxf3 21. gxf3 Qd6 22. Rb1 Nbd7 23. Rxf8+ Nxf8 24. Qb4 Qf4 25. Qxe7 Qxf3 26. d6 Ng4 27. Qh4 Bd4 28. Rf1 Be5 29. d7 Nxd7 30. Bd1 Bxh2+ 31. Qxh2 Nxh2 32. Bxf3 Nxf3+ 33. Kg2 Nde5 34. Rd1 Kg7 35. Rd6 h5 36. Kg3 g5 37. Ra6 h4+ 38. Kh3 g4+ 39. Kg2 f6 40. Ra8 Kh6 41. Rg8 Kh5 42. Rg7 Nd3 43. Rh7+ Kg5 44. Rg7+ Kf4 45. Rg6 h3+ 46. Kf1 Kxe4 47. Rxg4+ Nf4 48. Rg8 Ng5 49. Kg1 Kf3 50. Rf8 Nd5 51. Rd8 Nf4 52. Rf8 Ne4 53. Kh2 Kxf2 54. Rg8 Kf3 55. Rf8 Kg4 56. Rg8+ Ng5 57. Rf8 f5 58. Kh1 Nh5 59. Kh2 f4 60. Rg8 f3 61. Rf8 Nf4 62. Kg1 Kg3 63. Kh1 f2 64. Rxf4 Kxf4 65. Kh2 Kf3 66. Kh1 f1=Q+ 67. Kh2 Qg2# 0-1


[Site "https://www.chess.com"]

[Event "Titled Tuesday Blitz May 4 2021"]
[White "Mohammad Fahad, Rahman"]
[Black "Piorun, Kacper"]
[WhiteFideId "10207791"]
[BlackFideId "1130420"]
[WhiteElo "2308"]
[BlackElo "2535"]
[Result "0-1"]
[Round "09"]
[TimeControl "180+1"]
[Date "2021.05.04"]
[WhiteClock "0:00:20"]
[BlackClock "0:00:10"]

1. e4 e6 2. d4 d5 3. Nc3 Bb4 4. e5 Qd7 5. Nf3 b6 6. Be2 Ba6 7. O-O Bxe2 8. Nxe2 Bf8 9. b3 Ne7 10. c4 Nbc6 11. Bb2 Nf5 12. Rc1 Rc8 13. cxd5 exd5 14. Nf4 Nd8 15. Qd3 g6 16. e6 fxe6 17. Ne5 Qd6 18. Qa6 Ra8 19. Rfe1 Bh6 20. Ba3 Bxf4 21. Bxd6 cxd6 22. Qb5+ Kf8 23. Nd7+ Kg7 24. Rc7 Nf7 25. g3 Bg5 26. Qd3 Rhc8 27. Rxc8 Rxc8 28. Rxe6 Rc7 29. Nb8 Bf6 30. Na6 Rc1+ 31. Kg2 Bxd4 32. Nb4 Ne5 33. Qd2 Rg1+ 34. Kh3 Nf3 35. Qf4 Ne5 36. Nxd5 h6 37. Qxf5 gxf5 38. Rf6 Ng4 39. Rxf5 Nxf2+ 40. Kh4 Rg2 41. h3 Ne4 42. Nf4 Rxg3 43. Nh5+ Kg6 44. Rd5 Bf2 45. Nxg3 Bxg3+ 46. Kg4 Nf6+ 47. Kxg3 Nxd5 48. Kf3 Kf5 49. h4 Nf4 50. Kg3 d5 51. b4 d4 52. Kf3 d3 53. Ke3 Ke5 54. Kd2 Kd4 55. b5 h5 56. a4 Ke4 57. Kc3 Ke3 58. a5 d2 59. axb6 axb6 60. Kc4 d1=Q 61. Kb4 Qd4+ 62. Ka3 Qc5+ 63. Ka4 Qc4+ 64. Ka3 Qxb5 65. Ka2 Nd3 66. Ka3 Qb4+ 67. Ka2 Qb2# 0-1


[Site "https://www.chess.com"]

[Event "Titled Tuesday Blitz May 4 2021"]
[White "Mohandesi, Shahin"]
[Black "Karavaeva, Olga"]
[WhiteFideId "12501247"]
[BlackFideId "4124111"]
[WhiteElo "1993"]
[BlackElo "2105"]
[Result "1-0"]
[Round "09"]
[TimeControl "180+1"]
[Date "2021.05.04"]
[WhiteClock "0:01:25"]
[BlackClock "0:00:26"]

1. d4 d5 2. c4 e6 3. Nf3 c6 4. g3 Nf6 5. Bg2 Nbd7 6. O-O Bd6 7. Nbd2 O-O 8. Qc2 h6 9. e4 dxe4 10. Nxe4 Nxe4 11. Qxe4 Nf6 12. Qc2 Qc7 13. c5 Be7 14. Bf4 Qd8 15. Rfd1 Nd5 16. Bd2 Qc7 17. b4 Bd7 18. Ne5 Rad8 19. a4 a6 20. Rab1 Be8 21. Bf1 f6 22. Nc4 e5 23. dxe5 fxe5 24. Re1 Bf6 25. Qe4 Ne7 26. Nd6 Bg6 27. Bc4+ Kh7 28. Qg4 Bxb1 29. Rxb1 Rxd6 30. cxd6 Qxd6 31. Be3 Bg5 32. Bc5 Qf6 33. Qe4+ Ng6 34. h4 Bxh4 35. gxh4 1-0


[Site "https://www.chess.com"]

[Event "Titled Tuesday Blitz May 4 2021"]
[White "Mohota, Nisha"]
[Black "Loy, Konstantin"]
[WhiteFideId "5004330"]
[BlackFideId "14122499"]
[WhiteElo "2117"]
[BlackElo "2084"]
[Result "1-0"]
[Round "09"]
[TimeControl "180+1"]
[Date "2021.05.04"]
[WhiteClock "0:01:19"]
[BlackClock "0:00:01"]

1. b3 e5 2. Bb2 d6 3. e3 Nf6 4. Nf3 g6 5. d4 e4 6. Nfd2 Bg7 7. c4 O-O 8. Nc3 Re8 9. Be2 h5 10. Qc2 Bf5 11. O-O Nc6 12. h3 Nxd4 13. exd4 e3 14. Qd1 exd2 15. Qxd2 d5 16. c5 Ne4 17. Nxe4 Bxe4 18. Bd3 Qd7 19. Rfe1 Bxd3 20. Qxd3 c6 21. b4 Rxe1+ 22. Rxe1 Re8 23. Rxe8+ Qxe8 24. Kf1 f5 25. h4 Kf7 26. a4 Qe4 27. Qxe4 dxe4 28. f3 Bf6 29. fxe4 fxe4 30. g3 Ke6 31. Ke2 Kd5 32. Ke3 Bg7 33. b5 a6 34. bxa6 bxa6 35. Ba1 Bh6+ 36. Ke2 Kc4 37. Bb2 Kb3 38. d5 cxd5 39. c6 1-0


[Site "https://www.chess.com"]

[Event "Titled Tuesday Blitz May 4 2021"]
[White "Mortazavi, Ali"]
[Black "Salinas Herrera, Pablo"]
[WhiteFideId "401323"]
[BlackFideId "3407128"]
[WhiteElo "2339"]
[BlackElo "2541"]
[Result "0-1"]
[Round "09"]
[TimeControl "180+1"]
[Date "2021.05.04"]
[WhiteClock "0:00:01"]
[BlackClock "0:00:04"]

1. Nf3 g6 2. e4 d6 3. d4 Bg7 4. Nc3 Nf6 5. Be3 O-O 6. Qd2 Ng4 7. Bg5 h6 8. h3 Nxf2 9. Qxf2 hxg5 10. Nxg5 Bh6 11. Qh4 Kg7 12. Bc4 e5 13. Nf3 Qxh4+ 14. Nxh4 exd4 15. Nb5 Na6 16. Nxd4 Nc5 17. Rd1 Nxe4 18. O-O c6 19. Kh2 d5 20. Bd3 Nc5 21. g3 Bd7 22. Rde1 Rae8 23. Nhf3 Be3 24. Nb3 Na4 25. Re2 Rh8 26. h4 Nxb2 27. Rfe1 Bb6 28. Ne5 Nxd3 29. cxd3 Bf5 30. g4 Rxe5 31. Rxe5 Rxh4+ 32. Kg3 Rxg4+ 33. Kf3 Rh4 34. Re7 Rh3+ 35. Kg2 Rxd3 36. Rxb7 Be4+ 37. Kh2 c5 38. Rf1 Bf5 39. Re1 c4 40. Nc1 Rd2+ 41. Kg3 Bf2+ 42. Kf3 Bxe1 43. Ke3 Rc2 44. Ne2 Rxa2 45. Nd4 Bg4 46. Kf4 Bh3 47. Nc6 Bd2+ 48. Kg3 Be6 49. Nd8 Be1+ 50. Kf3 Kf6 0-1


[Site "https://www.chess.com"]

[Event "Titled Tuesday Blitz May 4 2021"]
[White "Moultino06"]
[Black "Iniyan, P"]
[BlackFideId "25002767"]
[WhiteElo "2710"]
[BlackElo "2400"]
[Result "0-1"]
[Round "09"]
[TimeControl "180+1"]
[Date "2021.05.04"]
[WhiteClock "0:00:04"]
[BlackClock "0:00:21"]

1. d4 Nf6 2. c4 g6 3. g3 Bg7 4. Bg2 O-O 5. Nc3 d6 6. Nf3 Nc6 7. O-O a6 8. b3 Rb8 9. d5 Na5 10. Bg5 h6 11. Be3 b5 12. cxb5 axb5 13. Ba7 Rb7 14. Bd4 c5 15. dxc6 Nxc6 16. Rc1 Bd7 17. Be3 Rb8 18. h3 Qa5 19. Qd2 b4 20. Na4 Ne4 21. Qd3 Nc3 22. Nxc3 bxc3 23. Nd4 Nxd4 24. Bxd4 Rfc8 25. Bxg7 Kxg7 26. Rc2 Qe5 27. Rfc1 Bb5 28. Qd5 Qxd5 29. Bxd5 Rc5 30. e4 Rbc8 31. Bb7 R8c7 32. b4 Rc4 33. Bd5 Rxb4 34. Rxc3 Rxc3 35. Rxc3 e6 36. Rb3 Rxb3 37. Bxb3 Kf6 38. Bc2 Ke5 39. Kg2 Kd4 40. Kf3 Bc6 41. Kf4 g5+ 42. Kg4 Bxe4 43. Bb3 Bg6 44. h4 f5+ 45. Kh3 e5 46. a4 Kc5 47. Bd1 d5 48. Kg2 d4 49. Kf1 e4 50. Ke1 Kb4 51. h5 Be8 52. Kd2 Bxa4 53. Be2 Bb5 54. Bd1 f4 55. Bg4 e3+ 56. Ke1 Kc3 57. gxf4 gxf4 58. fxe3 fxe3 59. Bf3 d3 60. Bg4 d2+ 0-1


[Site "https://www.chess.com"]

[Event "Titled Tuesday Blitz May 4 2021"]
[White "Nakamura, Hikaru"]
[Black "Yilmaz, Mustafa"]
[WhiteFideId "2016192"]
[BlackFideId "6302718"]
[WhiteElo "2900"]
[BlackElo "2518"]
[Result "1-0"]
[Round "09"]
[TimeControl "180+1"]
[Date "2021.05.04"]
[WhiteClock "0:01:42"]
[BlackClock "0:00:31"]

1. Nf3 d5 2. b3 Nf6 3. Bb2 g6 4. d4 Bg7 5. e3 O-O 6. Nbd2 c5 7. dxc5 Qa5 8. a3 Qxc5 9. b4 Qc7 10. c4 Nc6 11. Rc1 dxc4 12. Bxc4 a6 13. O-O Qb6 14. h3 a5 15. b5 Na7 16. Bd4 Qd6 17. Qb3 Bf5 18. Rfd1 a4 19. Qb2 Nc8 20. e4 Bxh3 21. e5 Qd7 22. exf6 Qg4 23. Bf1 exf6 24. Kh2 Nd6 25. gxh3 Qf4+ 26. Kh1 Nf5 27. Rc4 Rfd8 28. Bb6 Rxd2 29. Nxd2 1-0


[Site "https://www.chess.com"]

[Event "Titled Tuesday Blitz May 4 2021"]
[White "Nazaretyan, Tigran"]
[Black "Reprintsev, Alexander"]
[WhiteFideId "24162345"]
[BlackFideId "14100541"]
[WhiteElo "2276"]
[BlackElo "2194"]
[Result "0-1"]
[Round "09"]
[TimeControl "180+1"]
[Date "2021.05.04"]
[WhiteClock "0:00:03"]
[BlackClock "0:01:17"]

1. d4 d5 2. Nf3 Nc6 3. c4 e5 4. cxd5 Qxd5 5. Nc3 Bb4 6. e3 exd4 7. exd4 Bg4 8. Be2 Bxf3 9. Bxf3 Qc4 10. Bxc6+ bxc6 11. Qe2+ Qxe2+ 12. Kxe2 Kd7 13. Kd3 Ne7 14. a3 Bxc3 15. bxc3 Rab8 16. a4 Nd5 17. Bd2 Rb3 18. Rhb1 Rhb8 19. Rxb3 Rxb3 20. Kc2 Rb8 21. c4 Ne7 22. a5 a6 23. Bf4 Nf5 24. Kc3 f6 25. g4 Nd6 26. f3 h6 27. Re1 Nb7 28. Rb1 Kc8 29. Re1 Kd7 30. Rb1 Kc8 31. Ra1 Kd7 32. h4 Re8 33. Rb1 Kc8 34. Ra1 Re2 35. Kd3 Rb2 36. h5 Kd7 37. c5 Rb5 38. Bd2 Nd8 39. Bc3 Ne6 40. Kc4 Nf4 41. Re1 Nd5 42. Re4 Nxc3 43. Kxc3 Rxa5 44. f4 Ra3+ 45. Kc4 Rg3 46. f5 a5 47. Rf4 a4 48. Kb4 a3 49. Kc4 a2 50. Rf1 Rxg4 51. Ra1 Rg2 52. Kd3 Rf2 53. Ke4 Rh2 54. Kf4 Kc8 55. Ke4 Kb7 56. d5 cxd5+ 57. Kxd5 Re2 0-1


[Site "https://www.chess.com"]

[Event "Titled Tuesday Blitz May 4 2021"]
[White "Nesterov, Arseniy"]
[Black "Escobar Forero, Alder"]
[WhiteFideId "24198455"]
[BlackFideId "4400801"]
[WhiteElo "2441"]
[BlackElo "2513"]
[Result "1/2-1/2"]
[Round "09"]
[TimeControl "180+1"]
[Date "2021.05.04"]
[WhiteClock "0:00:05"]
[BlackClock "0:00:14"]

1. e4 c5 2. Nf3 Nc6 3. Bb5 d6 4. O-O Bd7 5. c3 Nf6 6. Re1 a6 7. Bxc6 Bxc6 8. e5 dxe5 9. Nxe5 Rc8 10. Nxc6 Rxc6 11. Na3 c4 12. b3 cxb3 13. Qxb3 Qc7 14. Rb1 b6 15. Nc2 b5 16. a4 Rb6 17. Nd4 e5 18. axb5 Bc5 19. Nf3 O-O 20. Nxe5 Rxb5 21. Qa2 Bxf2+ 22. Kxf2 Qb6+ 23. d4 Rxb1 24. Ba3 Rxe1 25. Kxe1 Qa5 26. Qb3 Rc8 27. Qxf7+ Kh8 28. Bb4 Qa1+ 29. Ke2 Qb2+ 30. Kf3 a5 31. Qe6 Rxc3+ 32. Bxc3 Qxc3+ 33. Ke2 Qb2+ 34. Kd3 Qb1+ 35. Kc3 Qc1+ 36. Kb3 Qb1+ 37. Ka3 Qa1+ 38. Qa2 Qc3+ 39. Qb3 Qa1+ 40. Qa2 Qc3+ 41. Qb3 Qa1+ 42. Qa2 1/2-1/2


[Site "https://www.chess.com"]

[Event "Titled Tuesday Blitz May 4 2021"]
[White "Nitin, S."]
[Black "Region_07"]
[WhiteFideId "5018277"]
[WhiteElo "2431"]
[BlackElo "2388"]
[Result "1-0"]
[Round "09"]
[TimeControl "180+1"]
[Date "2021.05.04"]
[WhiteClock "0:00:54"]
[BlackClock "0:00:14"]

1. e4 Nc6 2. Nc3 e6 3. d4 Bb4 4. d5 exd5 5. exd5 Qe7+ 6. Ne2 Ne5 7. Bf4 Bxc3+ 8. bxc3 d6 9. Qd4 Nf6 10. O-O-O O-O 11. Ng3 Bd7 12. h4 Rfe8 13. h5 h6 14. f3 a6 15. Re1 Qf8 16. Bd3 Nxd3+ 17. cxd3 Rxe1+ 18. Rxe1 Re8 19. Ne4 Nxh5 20. Bd2 f5 21. Nf2 Rxe1+ 22. Bxe1 Qe7 23. Bd2 Qe2 24. g4 Ng3 25. gxf5 Bxf5 26. Ne4 Qxf3 27. Nxg3 Qxg3 28. Kc2 Qf3 29. Qc4 h5 30. Bg5 Qe2+ 31. Kb3 Bxd3 32. Qxc7 Qc2+ 33. Ka3 Qc1+ 34. Bxc1 1-0


[Site "https://www.chess.com"]

[Event "Titled Tuesday Blitz May 4 2021"]
[White "Nosacheva, Mariya"]
[Black "Ptacnikova, Lenka"]
[WhiteFideId "34111422"]
[BlackFideId "305650"]
[WhiteElo "2035"]
[BlackElo "1984"]
[Result "0-1"]
[Round "09"]
[TimeControl "180+1"]
[Date "2021.05.04"]
[WhiteClock "0:01:15"]
[BlackClock "0:01:09"]

1. e4 e5 2. Nf3 Nf6 3. Nxe5 d6 4. Nf3 Nxe4 5. Nc3 Nxc3 6. dxc3 Be7 7. Bd3 Nc6 8. Bf4 Be6 9. Qd2 Qd7 10. O-O-O O-O-O 11. Kb1 h6 12. Rhe1 Bf6 13. Bb5 a6 14. Bxc6 Qxc6 15. Nd4 Qxg2 16. Nxe6 fxe6 17. Rxe6 Rde8 18. Qe3 Rxe6 19. Qxe6+ Kb8 20. Be3 Qxh2 21. a4 Qe5 22. Qd7 Rd8 23. Qg4 Re8 24. Qd7 Qe6 25. Ba7+ Kxa7 26. Qxc7 Be5 27. a5 Rc8 28. Qb6+ Kb8 0-1


[Site "https://www.chess.com"]

[Event "Titled Tuesday Blitz May 4 2021"]
[White "Novikov, Evgenij"]
[Black "volunteers1998"]
[WhiteFideId "4125380"]
[WhiteElo "2242"]
[BlackElo "2226"]
[Result "1-0"]
[Round "09"]
[TimeControl "180+1"]
[Date "2021.05.04"]
[WhiteClock "0:00:03"]
[BlackClock "0:00:01"]

1. c4 f5 2. g4 fxg4 3. h3 d6 4. hxg4 Bxg4 5. Qb3 Qc8 6. Bh3 Bxh3 7. Nxh3 Nc6 8. Ng5 Nf6 9. Qg3 e5 10. Nxh7 Rxh7 11. Rxh7 Nxh7 12. Qg6+ Kd8 13. Qxh7 Qg4 14. Kf1 Kd7 15. Nc3 Re8 16. d3 Be7 17. Be3 Kc8 18. Rc1 Kb8 19. Ke1 Bg5 20. Kd2 Bxe3+ 21. fxe3 Rf8 22. Nd5 Qd7 23. Rg1 Rf7 24. Qg8+ Nd8 25. b3 c6 26. Nc3 Kc7 27. Ne4 Ne6 28. Qa8 a6 29. Rh1 d5 30. cxd5 cxd5 31. Rc1+ Kb6 32. Qb8 dxe4 33. Qxe5 exd3 34. exd3 Rf2+ 35. Ke1 Rxa2 36. d4 Ra5 37. Qe4 Qd5 38. Qc2 Ka7 39. Qc4 Nc5 40. Qxd5 Nd3+ 41. Kd2 Rxd5 42. Kxd3 g5 43. Rg1 b5 44. e4 1-0


[Site "https://www.chess.com"]

[Event "Titled Tuesday Blitz May 4 2021"]
[White "Novikova, Galina"]
[Black "Sumaneev, Dmitry"]
[WhiteFideId "4157095"]
[BlackFideId "4125312"]
[WhiteElo "1966"]
[BlackElo "2463"]
[Result "1-0"]
[Round "09"]
[TimeControl "180+1"]
[Date "2021.05.04"]
[WhiteClock "0:00:26"]
[BlackClock "0:00:01"]

1. e4 e6 2. Nf3 d5 3. e5 Bd7 4. b4 Bxb4 5. c3 Bf8 6. d4 c5 7. Bd3 Nc6 8. O-O cxd4 9. cxd4 Nb4 10. Be2 Rc8 11. Na3 a6 12. Bb2 Nh6 13. Rc1 Rxc1 14. Bxc1 Nxa2 15. Bxh6 gxh6 16. Qb3 Nb4 17. Nc2 Nxc2 18. Qxc2 Be7 19. Bd3 Bb5 20. Bxb5+ axb5 21. Rb1 b4 22. Ne1 O-O 23. Nd3 Qa5 24. Nf4 Qa3 25. Rb3 Qa1+ 26. Rb1 Qxd4 27. g3 Qxe5 28. Qd1 Rc8 29. Qg4+ Qg7 30. Qh3 Qf6 31. Nh5 Qg5 32. Nf4 Bd6 33. Nxe6 Qg6 34. Re1 Re8 35. Rc1 Rxe6 36. Qh4 Qg5 37. Rc8+ Kg7 38. Qd4+ Be5 39. Qxd5 Rd6 40. Qf3 Bc3 41. Rc7 Rf6 42. Qxb7 Qc1+ 43. Kg2 Qd2 44. Qa7 Bd4 45. Qa8 Qxf2+ 46. Kh3 Qf5+ 47. Kg2 Qf2+ 48. Kh3 Qf1+ 49. Kg4 Qf5+ 50. Kh4 Qg5+ 51. Kh3 Qh5+ 52. Kg2 Qe2+ 53. Kh3 Qe6+ 54. Kg2 Rf5 55. Kh3 1-0


[Site "https://www.chess.com"]

[Event "Titled Tuesday Blitz May 4 2021"]
[White "Nozdrachev, Leonid"]
[Black "Alavi, Sayed Javad"]
[WhiteFideId "24113433"]
[BlackFideId "12500607"]
[WhiteElo "2246"]
[BlackElo "2495"]
[Result "0-1"]
[Round "09"]
[TimeControl "180+1"]
[Date "2021.05.04"]
[WhiteClock "0:00:55"]
[BlackClock "0:00:57"]

1. e4 c5 2. c3 Nf6 3. e5 Nd5 4. d4 cxd4 5. Nf3 e6 6. cxd4 d6 7. Bc4 Be7 8. O-O O-O 9. Qe2 Nc6 10. Re1 Nb6 11. Bb3 Bd7 12. Nc3 Rc8 13. Bf4 dxe5 14. dxe5 Na5 15. Bc2 Qc7 16. Bg5 Bc6 17. Rac1 Bxf3 18. Qxf3 Bxg5 19. Ne4 Bxc1 20. Nf6+ Kh8 21. Bxh7 Bh6 22. Bb1 Qc1 23. Kf1 Nac4 24. Qd3 Nd2+ 25. Ke2 Qc4 26. Kd1 Qc1+ 27. Ke2 Qc4 28. Kd1 Qxd3 29. Bxd3 gxf6 0-1


[Site "https://www.chess.com"]

[Event "Titled Tuesday Blitz May 4 2021"]
[White "Oliveira, Silvio Eduardo"]
[Black "Vukovic, Zdravko"]
[WhiteFideId "2111560"]
[BlackFideId "900877"]
[WhiteElo "2302"]
[BlackElo "2496"]
[Result "1/2-1/2"]
[Round "09"]
[TimeControl "180+1"]
[Date "2021.05.04"]
[WhiteClock "0:00:12"]
[BlackClock "0:00:29"]

1. e4 d5 2. exd5 Qxd5 3. Nf3 Nf6 4. Be2 c5 5. Nc3 Qd8 6. d4 cxd4 7. Nxd4 a6 8. O-O e6 9. Bg5 Be7 10. Qd3 O-O 11. Rad1 Qc7 12. Qe3 Nc6 13. Nxc6 Qxc6 14. Qh3 e5 15. Qh4 h6 16. Bxf6 Bxf6 17. Qh5 e4 18. Nd5 Re8 19. c3 Re5 20. Qxe5 Bxe5 21. Ne7+ Kf8 22. Nxc6 bxc6 23. Rd8+ Ke7 24. Rfd1 Rb8 25. b3 a5 26. c4 Be6 27. Rxb8 Bxb8 28. g3 Bd6 29. Bf1 Bc5 30. Bg2 f5 31. Kf1 g5 32. g4 f4 33. Bxe4 Bxg4 34. f3 Bd7 35. Ke2 h5 36. Bg6 g4 37. Bxh5 g3 38. hxg3 fxg3 39. Rxd7+ Kxd7 40. Bg4+ Kd6 41. Bh3 Ke5 42. Bg2 Kf4 43. Bh3 Bd4 44. Bg2 c5 45. Bh3 Be5 46. Bg2 Bf6 47. Bh3 Be5 48. Bg2 Bc3 49. Bh3 Bb4 50. Bg2 Ba3 51. Bh3 Bb2 52. Bg2 Be5 53. Bh3 Kg5 54. Bg2 Kf4 55. Bh3 Bd4 56. Bg2 Be5 1/2-1/2


[Site "https://www.chess.com"]